 Dungeon Crawl Stone Soup version 0.30.1-11-g7821555f0a (webtiles) character file.

Game seed: 6796913285814415913

5 KyoPewz the Sneak (level 1, -3/7 HPs)
             Began as a Felid Enchanter on Oct 31, 2023.
             Slain by a quokka (5 damage)
             ... on level 1 of the Dungeon.
             The game lasted 00:00:55 (212 turns).

KyoPewz the Sneak (Felid Enchanter)                  Turns: 212, Time: 00:00:56

Health: -3/7       AC:  1    Str:  4    XL:     1   Next: 66%
Magic:  4/4        EV: 17    Int: 16    God:
Gold:   13         SH:  0    Dex: 16    Spells: 4/4 levels left
                                        Lives:  0   Deaths: 0

rFire   . .          .
                       - Unarmed
rCold   . . .        (shield unavailable)
rNeg    . . .        (body armour unavailable)
rPois   .            (helmet unavailable)
rElec   .            (cloak unavailable)
rCorr   .            (gloves unavailable)
SInv    +            (boots unavailable)
Will    .....        (no amulet)
Stlth   +++          (no ring)
HPRegen 0.21/turn    (no ring)
MPRegen 0.09/turn

%: no passive effects
@: quick
A: very small, claws 1, fangs 3, see invisible, speed 1, shaggy fur 1, stealthy
paws, no weapons or thrown items, no armour, multi-lived
a: no special abilities


You were on level 1 of the Dungeon.
You visited 1 branch of the dungeon, and saw 1 of its levels.

You collected 13 gold pieces.

Inventory:

Scrolls
 b - a scroll of noise {unknown}
 d - a scroll of blinking {unknown}
Potions
 a - 2 potions of invisibility
 c - a potion of ambrosia {unknown}


   Skills:
 - Level 2.6 Dodging
 + Level 4.6 Stealth
 - Level 1.0 Unarmed Combat
 - Level 2.0 Spellcasting
 - Level 4.4 Hexes


You had 4 spell levels left.
You didn't know any spells.
Your spell library contained the following spells:

 Spells                   Type           Power      Damage    Failure   Level
 Confusing Touch          Hex            15%        N/A       11%         3
 Tukima's Dance           Hex            15%        N/A       11%         3
 Ensorcelled Hibernation  Hex/Ice        16%        N/A       13%         2
 Dazzling Flash           Conj/Hex       16%        N/A       26%         3


Dungeon Overview and Level Annotations

Branches:
Dungeon (1/15)

Altars:


Innate Abilities, Weirdness & Mutations

You have sharp claws.
You have razor-sharp teeth.
You have supernaturally acute eyesight. (SInv)
You cover ground quickly. (Speed+)
You are covered in fur. (AC +1)
Your paws help you pounce on unaware monsters.
You are incapable of wielding weapons or throwing items.
You cannot wear armour.
You gain extra lives every three experience levels.


Message History

You kill the quokka!
A rat comes into view.
The rat twitches its whiskers.
You closely miss the rat. The rat barely misses you.
You closely miss the rat. The rat closely misses you.
You completely miss the rat. The rat bites you but does no damage.
You scratch the rat.
You kill the rat!
No target in view!
A jackal comes into view.
c - a fizzy grey potion A bat comes into view.
You see here a scroll labelled WYCSUN JAREHEI.
d - a scroll labelled WYCSUN JAREHEI The bat barely misses you.
You scratch the bat.
You kill the bat!
No target in view!
Found an escape hatch in the floor.
A ball python comes into view.
A quokka comes into view.
Found a stone staircase leading down.
The ball python hisses angrily.
You barely miss the ball python. The ball python barely misses you.
The ball python misses you.
You closely miss the ball python. The ball python misses you. x2
You scratch the ball python.
You kill the ball python!
You barely miss the quokka. The quokka bites you.
You take 3 damage, and have 4/7 hp.
MASSIVE DAMAGE!!
You scratch the quokka. You bite the quokka, but do no damage.
The quokka is moderately wounded.
The quokka closely misses you.
You scratch the quokka.
The quokka is almost dead.
The quokka bites you.
* * * LOW HITPOINT WARNING * * *
The quokka bites you.
Ouch! That really hurt!
You die...

......###.#..........######
#.........###........#
#....................#
#####.....###......).#
###..†...####........#
#...#....# #.........#
.........##..#.#######
..#......##. #..##
.##......#. ##.@#
..#######..#####r### .....
.......##...#...
.#......................
.....................(..
#.......................
...........r........... ..
....>...........>...
............#...#


You could see a quokka.

Vanquished Creatures
  A quokka (D:1)
  A ball python (D:1)
  A bat (D:1)
  A frilled lizard (D:1)
  3 rats (D:1)
7 creatures vanquished.

Notes
Turn   | Place    | Note
-------+----------+-------------------------------------------
     0 | D:1      | KyoPewz the Felid Enchanter began the quest for the Orb.
     0 | D:1      | Reached XP level 1. HP: 7/7 MP: 4/4
   212 | D:1      | Slain by a quokka

Illustrated notes

Levels and vault maps discovered:
D:1:      psy_arrival_fountain, layout_rooms, minivault_11

Action                     || total
---------------------------++-------
  Melee: Unarmed           ||    17
         Bite              ||     1
   Stab: Sleeping          ||     1
 Armour: Skin              ||     1
  Dodge: Dodged            ||    12
